 Dungeon Crawl Stone Soup version 0.30-a0-465-g8901f6c8b5 (webtiles) character file.

Game seed: 8530161436308499990

156 arthad the Covert (level 5, -5/70 HPs)
             Began as a Gnoll Delver on Dec 17, 2022.
             Killed by divine providence
             ... invoked by an orc priest
              (16 damage)
             ... on level 4 of the Dungeon.
             The game lasted 00:05:41 (2426 turns).

arthad the Covert (Gnoll Delver)                    Turns: 2426, Time: 00:05:41

Health: -5/70      AC: 22    Str: 11    XL:     5   Next: 37%
Magic:  7/7        EV:  2    Int: 11    God:
Gold:   164        SH:  0    Dex: 14    Spells: 7/7 levels left

rFire   . . .      SeeInvis .    A - +4 hand axe
rCold   . . .      Faith    .    (no shield)
rNeg    . . .      Spirit   .    (body armour currently unavailable)
rPois   +          Reflect  .    (helmet currently unavailable)
rElec   .          Harm     .    (cloak currently unavailable)
rCorr   .          Rampage  .    (gloves currently unavailable)
Will    .....      NoTele   +    (boots currently unavailable)
Stlth   ++++......               r - amulet of the acrobat
HPRegen 0.31/turn                (no ring)
MPRegen 0.10/turn                (no ring)

@: tree-form
A: stationary, stasis, torment immunity, boosted hp, (fangs 1), strong nose,
distributed training
a: no special abilities


You were on level 4 of the Dungeon.
You were a tree.
You visited 1 branch of the dungeon, and saw 5 of its levels.

You collected 193 gold pieces.
You spent 29 gold pieces at shops.

Inventory:

Hand Weapons
 a - a +0 hand axe
 j - a +0 rapier
 x - a +2 whip of freezing
 A - a +4 hand axe (weapon)
Missiles
 v - 2 poisoned darts (quivered)
Armour
 b - a +0 leather armour (melded)
 i - a scarf of shadows (melded)
 m - a +0 kite shield
 u - a +0 hat (melded)
Jewellery
 r - an amulet of the acrobat (around neck)
Wands
 g - a wand of digging (3)
 y - a wand of charming (7)
Scrolls
 c - a scroll of fog
 d - 2 scrolls of magic mapping
 e - 2 scrolls of fear
 h - a scroll of vulnerability {unknown}
 l - 3 scrolls of poison {unknown}
 p - 2 scrolls of noise {unknown}
 q - 2 scrolls of identify {unknown}
 t - a scroll of blinking {unknown}
 w - 2 scrolls of enchant weapon {unknown}
 z - a scroll of enchant armour {unknown}
 B - a scroll of teleportation {unknown}
Potions
 f - 2 potions of haste
 k - 2 potions of lignification
 n - a potion of flight {unknown}
 o - 3 potions of attraction {unknown}
 s - a potion of invisibility {unknown}
 C - a potion of heal wounds {unknown}


   Skills:
 + Level 6.7 Fighting
 + Level 1.5 Short Blades
 + Level 1.5 Long Blades
 + Level 4.8 Axes
 + Level 1.5 Maces & Flails
 + Level 1.5 Polearms
 + Level 1.5 Staves
 + Level 1.5 Ranged Weapons
 + Level 1.5 Throwing
 + Level 1.5 Armour
 + Level 4.8 Dodging
 + Level 9.7 Stealth
 + Level 1.5 Shields
 + Level 1.5 Unarmed Combat
 + Level 1.5 Spellcasting
 + Level 1.2 Conjurations
 + Level 1.2 Hexes
 + Level 1.2 Summonings
 + Level 1.2 Necromancy
 + Level 1.2 Translocations
 + Level 1.2 Transmutations
 + Level 1.2 Fire Magic
 + Level 1.2 Ice Magic
 + Level 1.2 Air Magic
 + Level 1.2 Earth Magic
 + Level 1.2 Poison Magic
 + Level 1.7 Invocations
 + Level 1.5 Evocations


You had 7 spell levels left.
You didn't know any spells.
Your spell library contained the following spells:

 Spells                   Type           Power      Damage    Failure   Level
 Magic Dart               Conj           12%        1d3       19%         1
 Searing Ray              Conj           6%         2d4       28%         2
 Fulminant Prism          Conj/Hex       1%         3d5       88%         4


Dungeon Overview and Level Annotations

Branches:
Dungeon (5/15)
 Temple: D:4-7

Altars:
Makhleb
Vehumet

Shops:
D:4 *   D:5 (*


Innate Abilities, Weirdness & Mutations

You are a tree.
Your roots penetrate the ground, keeping you stationary.
You cannot be teleported.
You are immune to unholy pain and torment.
Your maximum health is greatly increased.
Your equipment is partially melded.
((You have very sharp teeth.))
Your uncanny sense of smell can sniff out nearby items.
Your experience applies equally to all skills.


Message History

The orc wizard misses you.
The orc priest calls down the wrath of Beogh upon you.
Beogh smites you!
The orc priest shouts!
You hit the orc priest.
The orc priest is lightly wounded.
You hit the orc. You slash the orc wizard! The orc wizard closely misses you.
The orc priest looks satisfied for a moment.
The orc hits you with a +0 club.
You closely miss the orc wizard.
The orc wizard is heavily wounded.
You hit the orc. You slash the orc priest!
The orc wizard hits you with a +0 dagger.
The orc closely misses you.
You hit the orc.
The orc is severely wounded.
You barely miss the orc. You hit the orc wizard. The orc closely misses you.
The orc wizard hits you with a +0 dagger.
You barely miss the orc wizard.
The orc wizard is severely wounded.
You closely miss the orc. You hit the orc.
The orc wizard gestures at you while chanting.
The puff of flame hits you! The orc closely misses you.
The orc hits you but does no damage. The orc completely misses you.
The orc wizard hits you with a +0 dagger.
The orc priest mumbles some strange prayers to Beogh against you.
Beogh smites you!
* * * LOW HITPOINT WARNING * * *
Unknown command.
Unknown command.
It was a potion of lignification.
You turn into a tree.
Your scarf of shadows melds into your body.
Your +0 hat melds into your body.
Your +0 leather armour melds into your body.
The dungeon's light returns to normal.
Your roots penetrate the ground.
The orc hits you but does no damage.
The orc wizard hits you but does no damage.
The orc priest mumbles some strange prayers to Beogh against you.
Beogh smites you!
You die...

.......................#..<#
.......................#...#
.......................#...#
.......................#
.......................######
#############+##............#
......#........########.....#
......#.........oo....#.....#
...)..#.........♣oo...#.....#
......##.......##o....#.....#
......##.......# .....#.....#
......##.......####+###.....#
...............#............#
...............#............#
...............+............#
......##......"#............#
......##.......#............#


You could see 2 orc priests, an orc wizard and 2 orcs.

Vanquished Creatures
  A scorpion (D:4)
  An adder (D:2)
  3 worms
  A dart slug (D:3)
  4 orcs (D:3)
  5 bats
  8 endoplasms
  2 giant cockroaches
  7 goblins
  4 hobgoblins
  7 jackals (D:1)
  5 kobolds
  2 quokkas
  5 ball pythons
  4 frilled lizards
  2 rats
61 creatures vanquished.

Notes
Turn   | Place    | Note
-------+----------+-------------------------------------------
     0 | D:5      | Reached skill level 9 in Stealth
     0 | D:5      | arthad the Gnoll Delver began the quest for the Orb.
     0 | D:5      | Reached XP level 1. HP: 23/23 MP: 1/1
     0 | D:5      | Found Suuti's Weapon Boutique.
     0 | D:5      | Found Vublil's Assorted Antiques.
    57 | D:5      | Bought a scroll labelled BASCHA GONUDO for 29 gold pieces
    73 | D:4      | Found a radiant altar of Vehumet.
   150 | D:4      | Noticed an orc wizard
   150 | D:4      | Noticed an orc priest
   209 | D:3      | Found a faded altar of an unknown god.
   266 | D:1      | Reached XP level 2. HP: 25/29 MP: 2/2
   441 | D:1      | Reached XP level 3. HP: 35/35 MP: 3/3
   555 | D:1      | Reached skill level 1 in Invocations
   793 | D:2      | Reached skill level 1 in Short Blades
   793 | D:2      | Reached skill level 1 in Long Blades
   793 | D:2      | Reached skill level 1 in Maces & Flails
   793 | D:2      | Reached skill level 1 in Polearms
   793 | D:2      | Reached skill level 1 in Staves
   793 | D:2      | Reached skill level 1 in Ranged Weapons
   793 | D:2      | Reached skill level 1 in Throwing
   793 | D:2      | Reached skill level 1 in Armour
   793 | D:2      | Reached skill level 1 in Shields
   793 | D:2      | Reached skill level 1 in Unarmed Combat
   793 | D:2      | Reached skill level 1 in Spellcasting
   793 | D:2      | Reached skill level 1 in Evocations
  1080 | D:2      | Found a burning altar of Makhleb.
  1223 | D:2      | Reached XP level 4. HP: 41/41 MP: 5/5
  1508 | D:3      | Reached skill level 1 in Conjurations
  1508 | D:3      | Reached skill level 1 in Hexes
  1508 | D:3      | Reached skill level 1 in Summonings
  1508 | D:3      | Reached skill level 1 in Necromancy
  1508 | D:3      | Reached skill level 1 in Translocations
  1508 | D:3      | Reached skill level 1 in Transmutations
  1508 | D:3      | Reached skill level 1 in Fire Magic
  1508 | D:3      | Reached skill level 1 in Ice Magic
  1508 | D:3      | Reached skill level 1 in Air Magic
  1508 | D:3      | Reached skill level 1 in Earth Magic
  1508 | D:3      | Reached skill level 1 in Poison Magic
  1994 | D:4      | Noticed a scorpion
  2008 | D:4      | Killed a scorpion
  2009 | D:4      | Reached XP level 5. HP: 46/47 MP: 5/7
  2217 | D:4      | Found Nebbysk's Neck Hole.
  2426 | D:4      | Killed from afar by an orc priest

Illustrated notes

Levels and vault maps discovered:
D:1:      ncdulo_lavacross, layout_rooms
D:2:      layout_basic, basic_altar
D:3:      layout_rooms, nicolae_ecumenical_oubliette
D:4:      layout_gridville, vehumet_crystals, nicolae_shop_sticking_my_neck_out
D:5:      layout_loops_ring, general_overflow_altar, serial_shops, shop, shop,
          shop, nicolae_shop_waterfront, nicolae_diamond_shop, uniq_eustachio,
          uniq_duvessa

Skill      XL: |  1  2  3  4 |
---------------+-------------+-----
Stealth        | |  9.7
Invocations    | 1 |  1.7
Short Blades   | 1 |  1.5
Long Blades    | 1 |  1.5
Maces & Flails | 1 |  1.5
Polearms       | 1 |  1.5
Staves         | 1 |  1.5
Ranged Weapons | 1 |  1.5
Throwing       | 1 |  1.5
Armour         | 1 |  1.5
Shields        | 1 |  1.5
Unarmed Combat | 1 |  1.5
Spellcasting   | 1 |  1.5
Evocations     | 1 |  1.5
Conjurations   | 1 |  1.2
Hexes          | 1 |  1.2
Summonings     | 1 |  1.2
Necromancy     | 1 |  1.2
Translocations | 1 |  1.2
Transmutations | 1 |  1.2
Fire Magic     | 1 |  1.2
Ice Magic      | 1 |  1.2
Air Magic      | 1 |  1.2
Earth Magic    | 1 |  1.2
Poison Magic   | 1 |  1.2
Fighting       | |  6.7
Axes           | |  4.8
Dodging        | |  4.8

Action                   |  1- 3 |  4- 6 || total
-------------------------+-------+-------++-------
Melee: Hand axe          |   106 |    38 ||   144
       Bite              |    12 |     2 ||    14
       Punch             |     1 |     1 ||     2
       Whip              |       |    11 ||    11
  Use: Potion            |       |     1 ||     1
 Stab: Sleeping          |    17 |     5 ||    22
       Distracted        |     1 |       ||     1
Armor: Leather armour    |    26 |     3 ||    29
       Skin              |       |     2 ||     2
Dodge: Dodged            |    80 |    31 ||   111

Table legend: (Time is in decaauts)
 A = Elapsed time spent in this place.
 B = Non-inter-level travel time spent in this place.
 C = Inter-level travel time spent in this place.
 D = Time resting spent in this place.
 E = Time spent auto-exploring this place.
 F = Levels seen in this place.
 G = Mean time per level.
                   A        B        C        D        E       F      G
               +--------+--------+--------+--------+--------+-----+--------+
         Total |   2437 |   2266 |    171 |     72 |   1514 |   5 |  487.4 |
       Dungeon |   2437 |   2266 |    171 |     72 |   1514 |   5 |  487.4 |
               +--------+--------+--------+--------+--------+-----+--------+

Top non-repeatable levels by time:
     D:2: 704 daAuts
     D:4: 679 daAuts
     D:1: 508 daAuts
     D:3: 471 daAuts
     D:5: 74 daAuts
